 Dungeon Crawl Stone Soup version 0.27.1-3-gb3d3a73c9e (webtiles) character file.

Game seed: 12062298345475245798

4118 MisterFreud the Destroyer (level 10, -3/75 HPs)
             Began as a Naga Fire Elementalist on Oct 7, 2021.
             Was a Follower of Cheibriados.
             Slain by a troll (12 damage)
             ... on level 7 of the Dungeon.
             The game lasted 00:21:08 (9311 turns).

MisterFreud the Destroyer (Naga Fire Elementalist)  Turns: 9311, Time: 00:21:08

Health: -3/75      AC:  8    Str: 14    XL:     10   Next: 26%
Magic:  2/21       EV: 14    Int: 23    God:    Cheibriados [*.....]
Gold:   116        SH:  5    Dex: 13    Spells: 15/23 levels left

rFire    + . .     SeeInvis +   w - +5 trident of Accidental Termination {vorpal, +Rage rC++ Will- Int+3}
rCold    + + +     Faith    .   (no shield)
rNeg     . . .     Spirit   .   t - +2 robe {rC+ rF+}
rPois    +         Reflect  +   (no helmet)
rElec    .         Harm     .   l - +0 cloak
rCorr    .         Rampage  .   s - +0 pair of gloves
Will     .....                  (no barding)
Stlth    ++........             k - amulet of reflection
HPRegen  0.22/turn              u - +4 ring of evasion
MPRegen  0.17/turn              (no ring)

@: short of breath, very slow
A: AC +3, large, see invisible, deformed body, poison resistance, slowness 2,
spit poison 1, naga tail 1
a: Spit Poison, Renounce Religion, Evoke Berserk Rage, Bend Time


You were on level 7 of the Dungeon.
You worshipped Cheibriados.
Cheibriados was aware of your devotion.
You visited 2 branches of the dungeon, and saw 8 of its levels.
You also visited: Sewer.

You collected 388 gold pieces.
You spent 272 gold pieces at shops.

Inventory:

Hand Weapons
 o - a +1 vorpal hand axe
 w - the +5 trident of Accidental Termination (weapon) {vorpal, +Rage rC++ Will- Int+3}
   (You bought it in a shop on level 5 of the Dungeon)

   It inflicts extra damage upon your enemies.
   Int:       It affects your intelligence (+3).
   rC:        It greatly protects you from cold.
   +Rage:     It lets you go berserk.
   Will:      It decreases your willpower.
Missiles
 b - 8 atropa-tipped darts
 e - 7 javelins
 v - 9 boomerangs
 D - a throwing net
Armour
 a - a +0 robe
 i - a +0 kite shield
 l - a +0 cloak (worn)
 s - a +0 pair of gloves (worn)
 t - a +2 robe of resistance (worn)
Jewellery
 k - an amulet of reflection (around neck)
 u - a +4 ring of evasion (left hand)
Wands
 m - a wand of iceblast (10)
 x - a wand of flame (7)
Scrolls
 c - 4 scrolls of teleportation
 d - a scroll of fog
 f - a scroll of immolation
 n - 3 scrolls of enchant armour
 p - a scroll of blinking
 y - a scroll of enchant weapon
 A - 2 scrolls of brand weapon
 B - a scroll of magic mapping {unknown}
Potions
 g - 3 potions of haste {unknown}
 h - 3 potions of curing {unknown}
 j - a potion of flight
 q - a potion of ambrosia {unknown}
 r - a potion of cancellation {unknown}
 z - 2 potions of heal wounds
 C - a potion of mutation {unknown}


   Skills:
 - Level 1.5 Dodging
 - Level 3.0 Stealth
 + Level 7.4 Spellcasting
 + Level 9.1 Conjurations
 + Level 9.1 Fire Magic


You had 15 spell levels left.
You knew the following spells:

 Your Spells              Type           Power      Damage    Failure   Level
a - Foxfire               Conj/Fire      100%       2x1d9     1%          1
b - Sticky Flame          Conj/Fire      50%        2d7       1%          4
c - Inner Flame           Hex/Fire       29%        N/A       3%          3

Your spell library contained the following spells:

 Spells                   Type           Power      Damage    Failure   Level
 Conjure Flame            Conj/Fire      50%        6-21      1%          3
 Fireball                 Conj/Fire      25%        3d11      4%          5
 Corpse Rot               Necr/Air       N/A        N/A       11%         2
 Poisonous Vapours        Pois/Air       16%        N/A       11%         2
 Freezing Cloud           Conj/Ice/Air   11%        6-21      52%         5


Dungeon Overview and Level Annotations

Branches:
Dungeon (7/15)             Temple (1/1) D:7           Sewer (visited)

Altars:
Ashenzari
Cheibriados
Fedhas
Gozag
Hepliaklqana
Kikubaaqudgha
Makhleb
Nemelex Xobeh
Okawaru
Qazlal
Ru
Trog
Vehumet
Wu Jian
Xom
Zin
The Shining One
Beogh

Shops:
D:5 (:[

Annotations:
D:4 3 runed translucent doors, Borgoz's ghost, amateur GrBe


Innate Abilities, Weirdness & Mutations

Your serpentine skin is tough. (AC +3)
You have supernaturally acute eyesight. (SInv)
Armour fits poorly on your strangely shaped body.
Your system is resistant to poisons. (rPois)
You cover ground very slowly.
You can spit poison.
You have a snake-like lower body.


Message History

Cheibriados raises the support of your attributes as your movement slows.
The gnoll drinks a potion.
The gnoll suddenly seems more resistant.
The troll closely misses you. x2; The troll claws you.
Casting: Sticky Flame (dangerous; 1% risk of failure)
Confirm with . or Enter, or press ? or * to list all spells.
Aiming: Sticky Flame (dangerous; 1% risk of failure)
Press: ? - help, Shift-Dir - straight line, f - troll
Aim: a troll (100% to hit)
The sticky flame hits the troll.
The troll is lightly wounded.
The troll is covered in liquid flames!
The troll burns!
An iguana comes into view.
The troll misses you. The troll claws you. The troll claws you!
Unknown command.
Press: ? - help, Shift-Dir - straight line, f/p - troll
Aim: a troll (lightly wounded, covered in liquid flames)
The splash of poison hits the troll.
The troll is moderately wounded.
The troll burns!
The troll bites you but does no damage. The troll claws you. x2
Unknown command.
Unknown command.
You puncture the troll!
The troll is severely wounded.
The troll burns!
The troll stops burning.
The troll bites you. You block the troll's attack. The troll claws you!
* * * LOW HITPOINT WARNING * * *
Unknown command.
Unknown command.
Casting: Sticky Flame (dangerous; 1% risk of failure)
Confirm with . or Enter, or press ? or * to list all spells.
Aiming: Sticky Flame (dangerous; 1% risk of failure)
Press: ? - help, Shift-Dir - straight line, f/p - troll
Aim: a troll (severely wounded, 100% to hit)
The sticky flame hits the troll.
The troll is almost dead.
The troll is covered in liquid flames!
The troll burns!
The troll bites you.
* * * LOW HITPOINT WARNING * * *
The troll barely misses you. The troll claws you!
You die...

.....###....# ... #....
.....##..#..# ##Y## #..##
≈.≈≈...#..#.# ♣♣♣♣...♣♣ ♣ #.#
≈.≈...#..#..#♣.♣.♣.≈≈≈.♣.♣.♣#.
....≈.......# ....c≈≈.... # #
...≈≈.#.#.#.# ♣.≈≈≈.♣ #
._....#.#.#.# ♣...♣ # ..≈≈
#.#.#.#######...#### # ..
#.#.#.....@TYl....... #
#.#.######g..###### # #.###
##### ###+# #.. #.... ###.⌠.⌠
#.+..>. #.#.⌠.⌠ #.#....
.#####.###'#


You could see a troll (burning), a sky beast, an iguana and a gnoll (resistant).

Vanquished Creatures
  Pikel (D:6)
  4 vampire mosquitoes (D:7)
  Purgy (Sewer)
  3 orc warriors (D:6)
  2 ice beasts
  A sky beast (D:4)
  A black bear (D:7)
  2 ogres (D:5)
  4 centaurs
  A phantom (D:4)
  3 bullfrogs (D:7)
  A wyvern zombie (D:6)
  A gnoll sergeant (D:7)
  3 scorpions
  4 water moccasin zombies
  A howler monkey (D:6)
  2 gnoll shamans
  2 centaur zombies
  2 hounds
  2 bullfrog skeletons
  6 orc priests
  A jelly (D:6)
  5 iguanas
  6 orc wizards
  A killer bee zombie (D:7)
  A hound zombie (D:5)
  17 gnolls
  5 adders
  A howler monkey skeleton (D:6)
  A shadow imp (D:7)
  A white imp (D:6)
  An adder skeleton (D:4)
  3 worms
  2 dart slugs
  22 orcs
  3 bats
  7 endoplasms
  6 giant cockroaches
  9 goblins
  5 hobgoblins
  3 jackals (D:5)
  7 kobolds
  5 quokkas
  4 ball pythons
  7 frilled lizards
  3 rats
173 creatures vanquished.

Vanquished Creatures (others)
  227 foxfires
  4 fungi (D:4)
  8 plants (D:7)
239 creatures vanquished.

Grand Total: 412 creatures vanquished

Notes
Turn   | Place    | Note
-------+----------+-------------------------------------------
     0 | D:1      | MisterFreud the Naga Fire Elementalist began the quest for
                  | the Orb.
     0 | D:1      | Reached XP level 1. HP: 15/15 MP: 3/3
   231 | D:1      | Reached XP level 2. HP: 19/22 MP: 1/5
   361 | D:1      | Found a faded altar of an unknown god.
   894 | D:1      | Reached XP level 3. HP: 28/28 MP: 4/6
  1773 | D:3      | Reached XP level 4. HP: 36/36 MP: 4/7
  1985 | D:3      | Found a shimmering altar of Xom.
  1988 | D:3      | Noticed a scorpion
  1994 | D:3      | Killed a scorpion
  1995 | D:3      | Reached XP level 5. HP: 42/42 MP: 6/8
  2651 | D:3      | Reached skill level 5 in Fire Magic
  2798 | D:3      | Reached XP level 6. HP: 47/49 MP: 7/9
  3263 | D:4      | Reached skill level 5 in Conjurations
  3365 | D:5      | Entered Level 5 of the Dungeon
  3650 | D:4      | Reached XP level 7. HP: 55/55 MP: 8/10
  3724 | D:4      | Learned a level 4 spell: Sticky Flame
  4008 | D:4      | Found a bloodstained altar of Trog.
  4009 | D:4      | Found an ornate altar of the Wu Jian Council.
  4010 | D:4      | Found a stormy altar of Qazlal.
  4011 | D:4      | Found a broken altar of Ashenzari.
  4092 | D:4      | Found a hazy altar of Hepliaklqana.
  4111 | D:4      | Found a blossoming altar of Fedhas.
  4384 | D:4      | Found a runed translucent gate.
  4384 | D:4      | Noticed Borgoz's ghost (amateur GrBe)
  4385 | D:4      | Identified the +7 dagger of Emi Miuq {flame, Drain *Slow
                  | rC++ Str+9}
  4385 | D:4      | Identified the +0 ring mail of the Hidden Vale {Int+4}
  4387 | D:4      | Found a runed translucent gate.
  4388 | D:4      | Found a runed translucent gate.
  4721 | D:5      | Found Kehyleun's Book Shoppe.
  4728 | D:5      | Found Ylic's Antique Armour Boutique.
  4846 | D:5      | Reached XP level 8. HP: 36/62 MP: 9/13
  5847 | D:5      | Found Ponailot's Antique Weapon Shop.
  5850 | D:5      | Bought a smoking trident for 272 gold pieces
  5850 | D:5      | Identified the +5 trident of Accidental Termination
                  | {vorpal, +Rage rC++ Will- Int+3} (You bought it in a shop
                  | on level 5 of the Dungeon)
  6081 | D:6      | Reached skill level 5 in Spellcasting
  6339 | D:6      | Found a glowing drain.
  6363 | Sewer    | Entered a sewer
  6426 | Sewer    | Noticed Purgy
  6434 | Sewer    | Killed Purgy
  6435 | Sewer    | Reached XP level 9. HP: 61/68 MP: 10/16
  6829 | D:6      | Learned a level 3 spell: Inner Flame
  6972 | D:6      | Found a glowing silver altar of Zin.
  7980 | D:7      | Noticed Pikel
  7991 | D:6      | Killed Pikel
  8193 | D:7      | Reached XP level 10. HP: 34/75 MP: 8/20
  8558 | D:7      | Found a staircase to the Ecumenical Temple.
  8575 | Temple   | Entered the Ecumenical Temple
  8621 | Temple   | Became a worshipper of Cheibriados the Contemplative
  9232 | D:7      | Found a glowing golden altar of the Shining One.
  9307 | D:7      | Reached * piety under Cheibriados
  9311 | D:7      | Slain by a troll

Illustrated notes

Levels and vault maps discovered:
D:1:      sevenhm_arrival_forest_fort_small_5, layout_basic,
          shapermc_ecumenical_altar_flowoftime, kennysheep_minor_cross
D:2:      layout_rooms
D:3:      layout_basic, brannock_xom_greatest_gift
D:4:      layout_loops_cross, mainiacjoe_overflow_boulevard,
          nzn_hepliaklqana_mist_gate, minitemple, biasface_ghost_orc_armoury
D:5:      layout_loops_ring, serial_shops, shop, nicolae_shop_waterfront,
          kennysheep_mini, kennysheep_doodads
D:6:      layout_gridville, zin_academy, cheibrodos_sewer_entry_bend,
          grunt_ministairs_14, kennysheep_generic_room_12
D:7:      nzn_winding_woodlands_small [nzn_winding_woodlands_5x15_longhouse,
          nzn_winding_woodlands_center_garden, nzn_winding_woodlands_5x15_pool],
          layout_loops_ring, mainiacjoe_overflow_small_starburst,
          lemuel_blue_sif_altar, minmay_temple_entry_hall,
          hangedman_minor_gate_pass, uniq_pikel
Temple:   jpeg_temple_alley_garden

Skill      XL: |  1  2  3  4  5  6  7  8  9 10 |
---------------+-------------------------------+-----
Conjurations   | 2 3 4 5 6 7 8 9 |  9.1
Fire Magic     | 4 5 6 7 8 9 |  9.1
Spellcasting   | 3 5 6 7 |  7.4
Dodging        | |  1.5
Stealth        | |  3.0

Action                   |  1- 3 |  4- 6 |  7- 9 | 10-12 || total
-------------------------+-------+-------+-------+-------++-------
Melee: Hand axe          |    22 |    35 |    91 |       ||   148
       Trident           |       |       |   132 |    32 ||   164
 Cast: Foxfire           |    37 |    49 |    49 |     1 ||   136
       Sticky Flame      |       |       |    22 |    19 ||    41
 Abil: Spit Poison       |    16 |    19 |    27 |     6 ||    68
Evoke: Wand              |       |       |       |     2 ||     2
  Use: Scroll            |       |     7 |     4 |       ||    11
       Potion            |       |     5 |     1 |       ||     6
 Stab: Sleeping          |       |     1 |     3 |       ||     4
       Distracted        |       |       |     1 |       ||     1
Armor: Robe              |     5 |    12 |    80 |    23 ||   120
Dodge: Dodged            |     9 |    34 |   162 |    50 ||   255
Block: Other             |     2 |    26 |    64 |    16 ||   108
       Reflection        |     1 |       |     1 |     1 ||     3
